 Dungeon Crawl Stone Soup version 0.31-a0-986-g5e6e4ef867 (webtiles) character file.

Game seed: 869829148775386871

106353 hito the Marksant (level 16, -2/130 HPs)
             Began as a Formicid Hunter on Nov 22, 2023.
             Was a Priest of Uskayaw.
             Slain by an alligator (14 damage)
             ... on level 1 of the Swamp.
             The game lasted 01:15:07 (26323 turns).

hito the Marksant (Formicid Hunter)                Turns: 26323, Time: 01:15:08

Health: -2/130     AC: 24    Str: 18    XL:     16   Next: 98%
Magic:  22/25      EV: 11    Int: 11    God:    Uskayaw [***...]
Gold:   1879       SH: 14    Dex: 23    Spells: 15/15 levels left

rFire   + + .        a - +7 hand cannon "Mule" {flame, backblast, rF+}
rCold   . . .        i - +0 kite shield
rNeg    . . .        N - +3 scale mail {Will+}
rPois   +            (helmet unavailable)
rElec   .            r - +2 cloak {Will+}
rCorr   +            C - +2 pair of gloves
SInv    +            u - +2 pair of boots
Will    +++..        U - amulet of faith
Stlth   +            l - ring of the Baku {Fly rF+ rCorr Str+2}
HPRegen 0.41/turn    D - ring of poison resistance
MPRegen 0.19/turn

%: faith
@: flying
A: permanent stasis, dig shafts and tunnels, antennae 3, four strong arms
a: Dig, Shaft Self, Renounce Religion, Stomp, Line Pass


You were on level 1 of the Swamp.
You worshipped Uskayaw.
Uskayaw was pleased with you.
You visited 5 branches of the dungeon, and saw 24 of its levels.
You also visited: Bailey and Gauntlet.

You collected 2101 gold pieces.
You spent 222 gold pieces at shops.

Inventory:

Hand Weapons
 a - the +7 hand cannon "Mule" (weapon) {flame, backblast, rF+}
   (You acquired it on level 14 of the Dungeon)

   rF+:       It protects you from fire.
 b - a +5 heavy hand cannon
 R - the +4 halberd "Obegass" {antimagic, *Corrode rPois rF++ Dex+2}
   (You found it on level 14 of the Dungeon)

   Dex+2:     It affects your dexterity (+2).
   rF++:      It greatly protects you from fire.
   rPois:     It protects you from poison *Corrode: It may corrode you when you
   take damage.
Missiles
 n - 4 darts of dispersal
 o - 4 silver javelins
 s - a throwing net
 I - 4 curare-tipped darts
Armour
 i - a +0 kite shield (worn)
 r - a +2 cloak of willpower (worn)
 u - a +2 pair of boots (worn)
 w - a +2 chain mail of fire resistance
 C - a +2 pair of gloves (worn)
 N - a +3 scale mail of willpower (worn)
Jewellery
 l - the ring of the Baku (left hand) {Fly rF+ rCorr Str+2}
   (You found it in a Gauntlet)

   [ring of flight]

   Str+2:     It affects your strength (+2).
   rF+:       It protects you from fire.
   Fly:       It grants you flight.
   rCorr:     It protects you from acid and corrosion.
 t - a ring of ice
 v - an amulet of magic regeneration
 y - an amulet of reflection
 D - a ring of poison resistance (right hand)
 U - an amulet of faith (around neck)
Wands
 m - a wand of flame (77)
 B - a wand of paralysis (14)
 J - a wand of acid (13)
 K - a wand of iceblast (17)
 Q - a wand of polymorph (12)
 Y - a wand of mindburst (6)
Scrolls
 c - 5 scrolls of enchant armour
 e - 3 scrolls of immolation {unknown}
 g - a scroll of amnesia
 h - 6 scrolls of fog
 p - 3 scrolls of fear
 x - 4 scrolls of blinking {unknown}
 z - 8 scrolls of noise
 F - 2 scrolls of vulnerability
 L - a scroll of poison {unknown}
 W - a scroll of revelation
Potions
 d - 2 potions of heal wounds
 f - 11 potions of curing
 j - 2 potions of mutation
 k - 4 potions of resistance
 q - 6 potions of might
 A - 3 potions of attraction
 E - 2 potions of invisibility
 G - 4 potions of enlightenment
 H - 6 potions of degeneration {unknown}
 O - a potion of cancellation
 P - 5 potions of lignification
 S - 2 potions of brilliance
 T - 3 potions of magic
 V - 2 potions of ambrosia
Miscellaneous
 M - a phial of floods (inert)


   Skills:
 - Level 13.0 Fighting
 - Level 18.0 Ranged Weapons
 - Level 15.0 Armour
 - Level 3.2 Dodging
 - Level 1.2 Stealth
 + Level 11.5 Shields
 - Level 13.3 Invocations
 - Level 4.1 Evocations


You had 15 spell levels left.
You didn't know any spells.
Your spell library contained the following spells:

 Spells                   Type           Power      Damage    Failure   Level
 Apportation              Tloc           0%         N/A       83%         1
 Freeze                   Ice            0%         1d3       83%         1
 Kiss of Death            Conj/Necr      0%         2d5       83%         1
 Slow                     Hex            0%         N/A       83%         1
 Jinxbite                 Hex            0%         N/A       92%         2
 Static Discharge         Conj/Air       0%         3-3/arc   92%         2
 Sublimation of Blood     Necr           0%         N/A       92%         2
 Call Canine Familiar     Summ           0%         N/A       99%         3
 Confusing Touch          Hex            0%         N/A       99%         3
 Frozen Ramparts          Ice            0%         1d1       99%         3
 Hailstorm                Conj/Ice       0%         3d3       99%         3
 Sigil of Binding         Hex            0%         N/A       99%         3
 Tukima's Dance           Hex            0%         N/A       99%         3
 Vampiric Draining        Necr           0%         2d6       99%         3
 Airstrike                Air            0%         2d(0-16)  100%        4
 Dimensional Bullseye     Hex/Tloc       0%         N/A       100%        4
 Dispel Undead            Necr           0%         3d6       100%        4
 Iskenderun's Mystic Bla  Conj/Tloc      0%         2d3       100%        4
 Leda's Liquefaction      Hex/Erth       0%         N/A       100%        4
 Petrify                  Tmut/Erth      0%         N/A       100%        4
 Summon Lightning Spire   Summ/Air       0%         N/A       100%        4
 Alistair's Intoxication  Tmut/Pois      0%         N/A       100%        5
 Irradiate                Conj/Tmut      0%         3d11      100%        5
 Summon Forest            Summ/Tloc      0%         N/A       100%        5
 Eringya's Noxious Bog    Tmut/Pois      0%         4d6       100%        6
 Summon Hydra             Summ           0%         N/A       100%        7


Dungeon Overview and Level Annotations

Branches:
Dungeon (14/15)            Temple (1/1) D:6            Lair (5/5) D:11
  Swamp (2/4) Lair:3       Spider (0/4) Lair:3        Slime (0/5) Lair:4
    Orc (2/2) D:10            Elf (0/3) Orc:2        Vaults (0/5) D:14
 Bailey (visited)         Gauntlet (visited)

Altars:
Ashenzari
Cheibriados
Dithmenos
Elyvilon
Fedhas
Gozag
Hepliaklqana
Kikubaaqudgha
Makhleb
Nemelex Xobeh
Okawaru
Qazlal
Ru
Sif Muna
Trog
Uskayaw
Vehumet
Wu Jian
Xom
Yredelemnul
Zin
The Shining One

Shops:
Orc:2 *([:

Annotations:
D:5 2 transporters
D:9 2 transporters, pigah's ghost, journeyman OpSh
D:14 1 transporter
Lair:2 1 runed translucent door, Hippur's ghost, journeyman MiFi
Swamp:2 Nikola


Innate Abilities, Weirdness & Mutations

You cannot be hasted, slowed, berserked, paralysed or teleported.
You can dig through walls and to a lower floor.
You have a pair of large antennae on your head. (SInv)
Your four strong arms can wield two-handed weapons with a shield.


Message History

A spriggan rider comes into view. It is wielding a +0 spear.
The spriggan rider shouts!
You block the goliath frog's attack.
The alligator bites you but does no damage.
You block the alligator's attack.
The tyrant leech bites you but does no damage.
The spriggan rider moves out of view.
Unknown command.
You block the goliath frog's attack.
The alligator attacks as it pursues you!
The alligator bites you!!
The alligator tail-slaps you but does no damage.
There is a stone staircase leading up, spattered with blood here.
Unknown command.
Unknown command.
You block the goliath frog's attack. You block the alligator's attack. x2
The swamp dragon bites you! The swamp dragon claws you.
* * * LOW HITPOINT WARNING * * *
You block the swamp dragon's attack.
You fly upwards.
There is a stone staircase leading down here.
Unknown command.
Aiming: Mindburst
Press: ? - help, Shift-Dir - straight line, f - swamp dragon
Aim: a swamp dragon (heavily wounded, strong, sharing its pain, chance to affect: 64%)
The swamp dragon's mind is blasted!!
You kill the swamp dragon!
The swamp dragon scales are intact enough to wear.
The alligator closely misses you. You block the alligator's attack.
Fire: a) +7 hand cannon "Mule" {flame, backblast, rF+}
Press: ? - help, Q - select action, (/) - cycle Shift-Dir - straight line, f - alligator
Aim: an alligator (severely wounded, strong, sharing its pain, 80% to hit)
You shoot a bolt. The bolt hits the alligator.
The bolt burns the alligator.
The alligator is severely wounded.
The alligator bites you!
* * * LOW HITPOINT WARNING * * *
The alligator tail-slaps you!
* * * LOW HITPOINT WARNING * * *
You block the alligator's attack. The alligator tail-slaps you!
You die...

♣♣.~~.~~.~~..♣♣♣.~.~....
♣~§§~§♣♣§..♣♣♣♣♣.♣~~.♣~~
♣♣.....~~~.♣♣♣♣.~~.~.~.~
♣♣.~~.~>......~~~.~~~.~
♣♣~§~§~~~~~...~~~.~.~~.
♣♣.~~~.~~♣~...~~~~~~♣~♣~
♣♣....~.~~§~~...♣♣♣♣♣♣♣♣♣
♣♣♣~~.♣♣♣..t§~..♣♣♣ ♣♣~♣
♣♣♣♣♣...~♣♣♣♣♣@[~.♣.♣ ♣♣♣~♣♣♣
♣....♣♣♣♣♣♣..♣♣☼~.♣♣♣ ♣~~§~)♣
♣♣♣♣♣♣♣♣.♣.~~~♣.§~♣
♣♣♣♣~~~♣♣♣♣
♣~.^....♣..♣♣♣♣..........
♣~.....♣.~♣♣.♣...!....###
♣♣♣♣..~..~...~♣...####...#))
♣♣~♣...~..♣♣..♣♣...#..#...'))
♣.....~.~.~♣♣.♣♣...#..'...#))
♣♣..~...~....~♣♣♣..#..#...###


You could see an alligator (strong, pain bonded).

Vanquished Creatures
  Gastronok (D:8)
  A ghoul (Swamp:1)
  A minotaur (Gauntlet)
  Josephine (Lair:3)
  4 entropy weavers (Lair:3)
  7 hydras
  An ice dragon (Lair:1)
  A vault guard (D:14)
  A rakshasa (D:13)
  3 catoblepae
  4 ghost crabs (Lair:3)
  4 boulder beetles
  3 centaur warriors
  3 alligators (Swamp:1)
  8 two-headed ogres
  A death knight (D:14)
  9 death yaks
  6 tengu warriors
  9 orc high priests
  A demonic crawler (Lair:3)
  4 fire crabs (Lair:3)
  4 skysharks
  Nergalle (D:12)
  A sixfirhy (Gauntlet)
  2 goliath frogs (Swamp:1)
  A death drake (Gauntlet)
  A spriggan druid (Swamp:2)
  A deep elf archer (D:14)
  4 bog bodies (Swamp:1)
  2 swamp dragons (Swamp:1)
  An orc knight (Bailey)
  6 deep elf pyromancers
  An ugly thing (D:12)
  An oklob plant (Lair:4)
  2 orc sorcerers
  A spectral centaur (Gauntlet)
  A manticore (D:14)
  A will-o-the-wisp (Swamp:1)
  10 elephants
  2 cyclopes
  2 centaur zombies (Gauntlet)
  An apocalypse crab (Lair:3)
  Maurice (D:10)
  5 black mambas
  Joseph (D:8)
  A torpor snail (Lair:5)
  20 cane toads
  Psyche (D:11)
  An efreet (D:14)
  8 komodo dragons
  2 rime drakes
  A freezing wraith (D:14)
  3 tengu conjurers (D:13)
  A hornet (D:9)
  5 trolls
  A wolf spider simulacrum (D:14)
  A polar bear (Lair:2)
  2 tyrant leeches
  A meliai (shapeshifter) (D:14)
  A tarantella (shapeshifter) (D:14)
  13 blink frogs
  4 dream sheep
  A meliai zombie (Gauntlet)
  9 slime creatures
  6 shadows
  A water elemental (D:12)
  6 wyverns
  43 yaks
  5 wraiths
  Eustachio (D:4)
  A basilisk (D:11)
  A steam dragon (D:10)
  12 vampire mosquitoes
  8 wargs
  6 acid dragons
  16 water moccasins
  A swamp drake (Swamp:1)
  25 orc warriors
  3 ice beasts
  2 sky beasts (D:8)
  A black bear (D:5)
  6 wolves
  10 ogres
  11 centaurs
  2 phantoms
  5 kobold brigands
  9 bullfrogs
  A gnoll sergeant (D:12)
  8 scorpions
  4 wights (D:8)
  9 killer bees (D:9)
  10 electric eels
  5 howler monkeys
  3 hounds
  32 orc priests
  A gnoll bouda (D:5)
  4 jellies
  An iguana (D:5)
  17 orc wizards
  9 gnolls
  10 adders
  3 shadow imps
  A white imp (D:5)
  4 ufetubi
  3 worms
  88 orcs
  6 bats
  4 endoplasms
  6 giant cockroaches
  16 goblins
  12 hobgoblins
  6 jackals
  35 kobolds
  3 quokkas
  8 ball pythons
  4 frilled lizards
  5 rats
701 creatures vanquished.

Vanquished Creatures (collateral kills)
  A spriggan (Swamp:1)
  A hornet (Swamp:1)
  A black bear (Lair:2)
3 creatures vanquished.

Vanquished Creatures (others)
  A yak (Lair:4)
  2 scorpions (D:5)
  2 iguanas (D:5)
  4 adders (D:5)
  4 foxfires (Swamp:1)
13 creatures vanquished.

Grand Total: 717 creatures vanquished

Notes
Turn   | Place    | Note
-------+----------+-------------------------------------------
     0 | D:1      | hito the Formicid Hunter began the quest for the Orb.
     0 | D:1      | Reached XP level 1. HP: 16/16 MP: 1/1
    30 | D:1      | Reached XP level 2. HP: 22/22 MP: 2/2
   148 | D:1      | Reached XP level 3. HP: 27/27 MP: 3/3
   240 | D:1      | Reached skill level 5 in Ranged Weapons
   686 | D:2      | Identified the +4 spear "Novorr" {flame, *Rage rElec rF+}
   811 | D:2      | Reached XP level 4. HP: 33/33 MP: 4/4
  1295 | D:3      | Found a faded altar of an unknown god.
  2207 | D:4      | Reached skill level 1 in Evocations
  2207 | D:4      | Reached XP level 5. HP: 38/38 MP: 5/5
  2243 | D:4      | Reached skill level 6 in Ranged Weapons
  2503 | D:4      | Reached XP level 6. HP: 44/44 MP: 6/6
  2530 | D:4      | Noticed Eustachio
  2542 | D:4      | Killed Eustachio
  2543 | D:4      | Reached skill level 1 in Armour
  2921 | D:4      | Noticed a water moccasin
  2928 | D:4      | Killed a water moccasin
  2929 | D:4      | Reached skill level 7 in Ranged Weapons
  2929 | D:4      | Reached XP level 7. HP: 43/50 MP: 7/7
  3033 | D:5      | Entered Level 5 of the Dungeon
  3033 | D:5      | Noticed a water moccasin
  3033 | D:5      | Found a shimmering altar of Xom.
  3059 | D:5      | Reached skill level 8 in Ranged Weapons
  3060 | D:5      | Noticed a wraith
  3077 | D:5      | Killed a water moccasin
  3078 | D:5      | Reached XP level 8. HP: 56/56 MP: 8/8
  3081 | D:5      | Found an iron altar of Okawaru.
  3081 | D:5      | Noticed a vampire
  3081 | D:5      | Noticed a shadow
  3083 | D:5      | Noticed a yak
  3087 | D:5      | Found a transporter.
  3097 | D:5      | Found a transporter.
  3153 | D:5      | Identified the +8 chain mail of the Depths {Harm}
  3401 | D:5      | Found a sacrificial altar of Ru.
  3447 | D:5      | Reached skill level 9 in Ranged Weapons
  3803 | D:5      | Found an ornate altar of the Wu Jian Council.
  3998 | D:6      | Reached skill level 10 in Ranged Weapons
  4074 | D:6      | Found a staircase to the Ecumenical Temple.
  4085 | Temple   | Entered the Ecumenical Temple
  4113 | Temple   | Became a worshipper of Uskayaw the Reveller
  4176 | D:6      | Reached * piety under Uskayaw
  4178 | D:6      | Reached skill level 1 in Invocations
  4209 | D:6      | Reached ** piety under Uskayaw
  4260 | D:6      | Reached *** piety under Uskayaw
  4261 | D:6      | Reached XP level 9. HP: 63/63 MP: 10/10
  4783 | D:7      | Reached **** piety under Uskayaw
  4969 | D:7      | Found a basalt altar of Yredelemnul.
  5014 | D:7      | Found a bloodstained altar of Trog.
  5061 | D:7      | Found a flagged portal.
  5075 | D:7      | Identified the +7 dagger of Action {drain, rF- Will++}
  5093 | Bailey   | Entered a bailey
  5153 | Bailey   | Reached skill level 5 in Fighting
  5355 | Bailey   | Reached skill level 5 in Invocations
  6103 | Bailey   | Noticed an orc knight
  6390 | Bailey   | Reached XP level 10. HP: 74/76 MP: 15/15
  6403 | Bailey   | Reached ***** piety under Uskayaw
  6404 | Bailey   | Killed an orc knight
  6522 | Bailey   | Noticed an orc sorcerer
  6525 | Bailey   | Noticed a soul eater
  6531 | Bailey   | Noticed a rust devil
  6712 | Bailey   | Acquired a +0 heavy hand cannon
  6776 | Bailey   | Found an iron altar of Okawaru.
  6780 | Bailey   | Noticed an orc high priest
  6797 | Bailey   | Killed an orc sorcerer
  6798 | Bailey   | Reached skill level 11 in Ranged Weapons
  6802 | Bailey   | Killed an orc high priest
  7257 | D:7      | Found a broken altar of Ashenzari.
  7741 | D:8      | Reached skill level 10 in Invocations
  7747 | D:8      | Noticed Joseph
  7751 | D:8      | Killed Joseph
  7752 | D:8      | Reached XP level 11. HP: 62/81 MP: 18/18
  8018 | D:8      | Found a blossoming altar of Fedhas.
  8312 | D:8      | Reached skill level 12 in Ranged Weapons
  8341 | D:8      | Noticed Gastronok
  8347 | D:8      | Killed Gastronok
  8842 | D:9      | Noticed a two-headed ogre
  8846 | D:9      | Killed a two-headed ogre
  8995 | D:9      | Reached skill level 13 in Ranged Weapons
  9022 | D:9      | Noticed a two-headed ogre
  9025 | D:9      | Killed a two-headed ogre
  9113 | D:9      | Noticed pigah's ghost (journeyman OpSh)
  9126 | D:9      | Found a transporter.
  9130 | D:9      | Found a transporter.
  9569 | D:10     | Entered Level 10 of the Dungeon
  9605 | D:10     | Found a snail-covered altar of Cheibriados.
  9610 | D:10     | Noticed a two-headed ogre
  9618 | D:10     | Killed a two-headed ogre
  9621 | D:10     | Reached XP level 12. HP: 57/89 MP: 19/19
  9749 | D:10     | Found a staircase to the Orcish Mines.
  9972 | D:10     | Noticed Maurice
  9974 | D:10     | Killed Maurice
 10509 | D:11     | Noticed a boulder beetle
 10514 | D:11     | Killed a boulder beetle
 10646 | D:11     | Noticed a two-headed ogre
 10649 | D:11     | Killed a two-headed ogre
 10650 | D:11     | Reached skill level 14 in Ranged Weapons
 10688 | D:11     | Noticed a two-headed ogre
 10690 | D:11     | Killed a two-headed ogre
 10697 | D:11     | Noticed Psyche
 10702 | D:11     | Killed Psyche
 10915 | D:11     | Found a staircase to the Lair.
 10991 | D:11     | Noticed a two-headed ogre
 10993 | D:11     | Killed a two-headed ogre
 11105 | Lair:1   | Entered Level 1 of the Lair of Beasts
 11151 | Lair:1   | Noticed a boulder beetle
 11165 | Lair:1   | Killed a boulder beetle
 11890 | Lair:1   | Noticed an ice dragon
 11892 | Lair:1   | Reached XP level 13. HP: 89/98 MP: 20/20
 11901 | Lair:1   | Killed an ice dragon
 12329 | Lair:2   | Reached skill level 15 in Ranged Weapons
 12528 | Lair:2   | Reached skill level 10 in Armour
 12530 | Lair:2   | Reached ****** piety under Uskayaw
 12696 | Lair:2   | Found a gate leading to a gauntlet.
 12712 | Gauntlet | Entered a Gauntlet
 12712 | Gauntlet | Found a transporter.
 12712 | Gauntlet | Found a transporter.
 12717 | Gauntlet | Found a transporter.
 12717 | Gauntlet | Found a transporter.
 12734 | Gauntlet | Found a transporter.
 12746 | Gauntlet | Found a transporter.
 12750 | Gauntlet | Found a transporter.
 12754 | Gauntlet | Found a transporter.
 12770 | Gauntlet | Found a transporter.
 12784 | Gauntlet | Found a transporter.
 12788 | Gauntlet | Found a transporter.
 12796 | Gauntlet | Found a transporter.
 12918 | Gauntlet | Reached skill level 10 in Fighting
 13132 | Gauntlet | Identified the ring of the Baku {Fly rF+ rCorr Str+2}
 13154 | Gauntlet | Identified the staff of the Thing {rElec rPois Int+2
                  | Poison}
 13154 | Gauntlet | Noticed a minotaur
 13159 | Gauntlet | Killed a minotaur
 13418 | Lair:2   | Found a runed translucent door.
 13421 | Lair:2   | Noticed Hippur's ghost (journeyman MiFi)
 13466 | Lair:2   | Identified the +10 trident of Experimentation {drain,
                  | *Noise Str+3}
 13576 | Lair:2   | Reached skill level 16 in Ranged Weapons
 14498 | Lair:3   | Reached skill level 17 in Ranged Weapons
 14547 | Lair:3   | Found a staircase to the Swamp.
 14645 | Lair:3   | Reached XP level 14. HP: 110/110 MP: 21/21
 14852 | Lair:3   | Found a hole to the Spider Nest.
 15034 | Lair:3   | Found a runed translucent door.
 15103 | Lair:3   | Noticed Josephine
 15113 | Lair:3   | Killed Josephine
 16147 | Lair:4   | Found a staircase to the Slime Pits.
 16694 | D:12     | Noticed Nergalle
 16702 | D:12     | Killed Nergalle
 17162 | D:12     | Reached skill level 18 in Ranged Weapons
 17162 | D:12     | Reached skill level 1 in Shields
 17870 | Orc:1    | Entered Level 1 of the Orcish Mines
 18245 | Orc:2    | Entered Level 2 of the Orcish Mines
 18301 | Orc:2    | Found a staircase to the Elven Halls.
 19054 | Orc:2    | Reached XP level 15. HP: 102/115 MP: 22/22
 19060 | Orc:2    | Reached skill level 5 in Shields
 19091 | Orc:2    | Found Zaedo's Weapon Shop.
 19091 | Orc:2    | Found Jane's General Store.
 19105 | Orc:2    | Bought a scroll of enchant weapon for 120 gold pieces
 19105 | Orc:2    | Bought a scroll of fog for 64 gold pieces
 19105 | Orc:2    | Bought 2 curare-tipped darts for 38 gold pieces
 19488 | Orc:2    | Found Nisu's Antique Armour Emporium.
 19488 | Orc:2    | Found Wirghy's Book Shop.
 21450 | Lair:5   | Entered Level 5 of the Lair of Beasts
 22745 | Lair:4   | Reached XP level 16. HP: 128/128 MP: 25/25
 24145 | D:14     | Found a transporter.
 24167 | D:14     | Found a transporter.
 24326 | D:14     | Reached skill level 15 in Armour
 24638 | D:14     | Found a transporter.
 24669 | D:14     | Identified the +4 halberd "Obegass" {antimagic, *Corrode
                  | rPois rF++ Dex+2}
 24705 | D:14     | Acquired the +7 hand cannon "Mule" {flame, backblast, rF+}
 24705 | D:14     | Found the +7 hand cannon "Mule" {flame, backblast, rF+}
 25225 | D:14     | Found a gate to the Vaults.
 25388 | Swamp:1  | Entered Level 1 of the Swamp
 25752 | Swamp:1  | Reached skill level 10 in Shields
 26250 | Swamp:2  | Identified the "Tirhigih"
 26310 | Swamp:2  | Noticed Nikola
 26323 | Swamp:1  | Slain by an alligator

Illustrated notes

Levels and vault maps discovered:
D:1:      saegor_arrival_simple_a, layout_basic
D:2:      layout_basic, minmay_tree_intersection
D:3:      layout_basic, hellmonk_ecumenical_altar_arch_garden,
          minmay_fountain_box
D:4:      layout_basic, kennysheep_flooded_box, uniq_eustachio
D:5:      layout_basic, xom_confusion_cloud, gammafunk_temple_overflow_arena,
          nicolae_ru_path_of_blood, kennysheep_mini_moat
D:6:      layout_loops_ring, temple_fountains
D:7:      layout_rooms, kennysheep_little_box, mainiacjoe_overflow_tiny_flanked,
          general_overflow_altar, enter_bailey_5
D:8:      layout_loops_ring, nicolae_overflow_hidden_temple, centaur_isle,
          uniq_gastronok, uniq_joseph
D:9:      layout_gridville, gammafunk_ghost_hive, ebering_dispersal_statue_hall
D:10:     layout_basic, mainiacjoe_overflow_boulevard, orc_0_dummy,
          serial_bayou_crossing, uniq_maurice
D:11:     layout_irregular_city, david_lair_shrubbed, uniq_psyche
D:12:     layout_big_octagon, serial_park, serial_park_tiny_2,
          serial_park_fountain, serial_park_tiny_1, serial_park_tiny_1,
          serial_park_gazebo [serial_park_minivault_5x5_4], uniq_nergalle
D:13:     layout_irregular_city, glass_columns_b
D:14:     gammafunk_cloud_chamber, layout_irregular_city, david_vaults_5,
          nicolae_diode_basic
Temple:   oiseaux_autumnal_temple
Lair:1:   dragon1_lemuel, layout_loops_ring
Lair:2:   layout_roguey, gauntlet_entry_generic, ebering_ghost_funeral_grove,
          infiniplex_staircase_pool, serial_bayou_shore_a
Lair:3:   gammafunk_mikee_crab_dinner, layout_cave_pods, swamp_mist,
          nicolae_spider_entry_non_spiders, infiniplex_staircase_pool_2,
          uniq_josephine
Lair:4:   layout_small_grid, dpeg_slime_entry_enclosed, nicolae_lair_yak_garden,
          grunt_megastairs_2
Lair:5:   minmay_lair_end_frog_pond, layout_gridlike
Swamp:1:  layout_falls_marsh, nicolae_swamp_orc_logging_accident
Swamp:2:  layout_falls_marsh, gammafunk_ghost_grave,
          evilmike_swamp_ruin_house_3, uniq_nikola, uniq_jorgrun
Orc:1:    layout_caves
Orc:2:    st_orc_town, layout_caves, basic_altar

Skill      XL: |  1  2  3  4  5  6  7  8  9 10 11 12 13 14 15 16 |
---------------+-------------------------------------------------+-----
Ranged Weapons | 5 6 7 8 10 11 13 14 17 18 | 18.0
Evocations     | 1 2 3 4 |  4.1
Armour         | 2 3 7 9 10 12 14 15 | 15.0
Dodging        | 2 3 |  3.2
Invocations    | 2 7 10 13 | 13.3
Fighting       | 3 6 8 10 12 13 | 13.0
Shields        | 4 5 11 | 11.5
Stealth        | |  1.2

Action                     |  1- 3 |  4- 6 |  7- 9 | 10-12 | 13-15 | 16-18 || total
---------------------------+-------+-------+-------+-------+-------+-------++-------
   Fire: Shortbow          |    86 |   104 |   416 |       |       |       ||   606
         Orcbow            |       |       |    13 |    48 |       |       ||    61
         Hand cannon       |       |       |       |   240 |   616 |   250 ||  1106
 Invoke: Stomp             |       |       |     9 |    20 |    39 |    14 ||    82
         Line Pass         |       |       |       |       |     2 |     1 ||     3
         Grand Finale      |       |       |       |       |       |     1 ||     1
  Evoke: Wand              |       |     9 |     2 |       |       |     3 ||    14
         Phial of floods   |       |       |       |       |       |     1 ||     1
    Use: Potion            |       |     2 |       |     1 |     1 |       ||     4
         Scroll            |       |       |     5 |     5 |    16 |     6 ||    32
 Armour: Leather armour    |    10 |    23 |   116 |    22 |       |       ||   171
         Ring mail         |       |    11 |       |       |       |       ||    11
         Scale mail        |       |       |       |   163 |   517 |   197 ||   877
         Skin              |       |       |       |     2 |       |       ||     2
  Dodge: Dodged            |    21 |    25 |   142 |   151 |   352 |    78 ||   769
  Block: Other             |       |       |    20 |       |       |       ||    20
         Buckler           |       |       |       |       |    60 |    27 ||    87
         Kite shield       |       |       |       |       |       |    63 ||    63

Table legend: (Time is in decaauts)
 A = Elapsed time spent in this place.
 B = Non-inter-level travel time spent in this place.
 C = Inter-level travel time spent in this place.
 D = Time resting spent in this place.
 E = Time spent auto-exploring this place.
 F = Levels seen in this place.
 G = Mean time per level.
                   A        B        C        D        E       F      G
               +--------+--------+--------+--------+--------+-----+--------+
         Total |  27212 |  25184 |   2028 |   7462 |  12075 |  26 | 1046.6 |
       Dungeon |  13686 |  12470 |   1216 |   2952 |   7144 |  14 |  977.6 |
        Temple |     56 |      1 |     55 |      0 |      0 |   1 |   56.0 |
          Lair |   8158 |   7555 |    603 |   2481 |   3606 |   5 | 1631.6 |
         Swamp |    952 |    922 |     30 |    288 |    428 |   2 |  476.0 |
  Orcish Mines |   1855 |   1732 |    123 |    508 |    754 |   2 |  927.5 |
        Bailey |   2015 |   2015 |      0 |   1008 |    143 |   1 | 2015.0 |
      Gauntlet |    488 |    488 |      0 |    225 |      0 |   1 |  488.0 |
               +--------+--------+--------+--------+--------+-----+--------+

Top non-repeatable levels by time:
  Lair:4: 2401 daAuts
  Bailey: 2015 daAuts
  Lair:3: 1698 daAuts
  Lair:2: 1633 daAuts
    D:14: 1451 daAuts
  Lair:1: 1447 daAuts
     D:8: 1431 daAuts
    D:13: 1404 daAuts
    D:11: 1378 daAuts
   Orc:2: 1249 daAuts
     D:9: 1010 daAuts
     D:5: 997 daAuts
     D:3: 982 daAuts
  Lair:5: 977 daAuts
 Swamp:1: 935 daAuts
